 Dungeon Crawl Stone Soup version 0.29.1-2-gbd0b4ee654 (webtiles) character file.

Game seed: 5731260357160876753

244973 leafyfresh the Black Belt (level 20, -12/141 HPs)
             Began as a Djinni Ice Elementalist on Nov 25, 2022.
             Was the Champion of Makhleb.
             Killed from afar by a manticore (16 damage)
             ... with a volley of spikes
             ... on level 3 of the Elven Halls.
             The game lasted 03:08:50 (39674 turns).

leafyfresh the Black Belt (DjIE)                   Turns: 39674, Time: 03:08:51

Health: -12/141    AC: 17    Str:  7    XL:     20   Next: 24%
Gold:   993        EV: 28    Int: 25    God:    Makhleb [******] SH:  0 Dex: 18

rFire   x . .      SeeInvis .     - Unarmed
rCold   + . .      Faith    .   (shield currently unavailable)
rNeg    + . .      Spirit   .   (body armour currently unavailable)
rPois   ∞          Reflect  .   (helmet currently unavailable)
rElec   +          Harm     .   (cloak currently unavailable)
rCorr   .          Rampage  .   (gloves currently unavailable)
Will    ++...                   (boots unavailable)
Stlth   +++++.....              I - amulet of regeneration
HPRegen 1.13/turn               x - ring of Codgh {rN+ Dex+3 Stlth+}
MPRegen 0.00/turn               p - ring of ice

@: storm-form, spiked, flying
A: cleaving, insubstantial, flying, sickness immunity, (fire resistance 2),
(cold vulnerability 1), float, innate caster, HP casting, extra vitality 1,
(horns 1), mutation resistance 1, (shaggy fur 1)
}: 2/15 runes: serpentine, barnacled
a: Blinkbolt, End Transformation, Renounce Religion, Minor Destruction, Lesser
Servant of Makhleb, Major Destruction, Greater Servant of Makhleb


You were on level 3 of the Elven Halls.
You worshipped Makhleb.
Makhleb was exalted by your worship.
You were a lightning-filled tempest!
You visited 8 branches of the dungeon, and saw 31 of its levels.
You also visited: Ice Cave.

You collected 2967 gold pieces.
You spent 1974 gold pieces at shops.

Inventory:

Hand Weapons
 A - the +8 dire flail of Azasuo {drain, rCorr}
   (You took it off an ogre on level 8 of the Dungeon)

   A truly terrible weapon, it drains the life of any living foe it strikes.
   rCorr:     It protects you from acid and corrosion.
Missiles
 C - 4 silver boomerangs (quivered)
Armour
 a - a +2 pair of gloves (melded)
 E - a +3 troll leather armour (melded)
 G - a +3 buckler (melded)
 K - a +2 robe of cold resistance
 U - a +0 hat of see invisible (melded)
 V - the +0 robe "Qog Unydgh" {-Tele rC+ Slay+5}
   (You bought it in a shop on level 1 of the Snake Pit)

   Slay:      It affects your accuracy & damage with ranged weapons and melee
   (+5).
   rC:        It protects you from cold.
   -Tele:     It prevents most forms of teleportation.
 Y - the +2 cloak of a sewer (melded) {rF- rN+ Regen+ Slay+2}
   (You bought it in a shop on level 2 of the Elven Halls)

   Slay:      It affects your accuracy & damage with ranged weapons and melee
   (+2).
   rF:        It makes you vulnerable to fire.
   rN:        It protects you from negative energy.
   Regen:     It increases your rate of health regeneration.
Magical Staves
 y - a staff of fire (melded)
 L - a staff of cold
Jewellery
 b - a ring of fire
 d - a ring of willpower
 p - a ring of ice (right fist)
 r - a ring of fire
 u - a +4 ring of protection
 x - the ring of Codgh (left fist) {rN+ Dex+3 Stlth+}
   (You found it on level 10 of the Dungeon)

   [ring of positive energy]

   Dex:       It affects your dexterity (+3).
   rN:        It protects you from negative energy.
   Stlth:     It makes you more stealthy.
 I - an amulet of regeneration (around neck)
 Z - a ring of wizardry
Wands
 h - a wand of flame (59)
 q - a wand of mindburst (19)
 v - a wand of quicksilver (5)
Scrolls
 i - 3 scrolls of summoning
 k - 11 scrolls of identify
 s - 12 scrolls of teleportation
 t - 2 scrolls of silence
 w - 2 scrolls of blinking
 D - 2 scrolls of fear
 F - 2 scrolls of poison
 J - 5 scrolls of immolation
 O - 2 scrolls of magic mapping
 Q - 2 scrolls of fog
 X - a scroll of enchant weapon
Potions
 c - 3 potions of haste
 e - 5 potions of might
 f - 3 potions of ambrosia
 g - 2 potions of lignification
 l - 3 potions of brilliance
 m - 7 potions of flight
 n - 5 potions of invisibility
 o - 4 potions of mutation
 B - 5 potions of curing
 H - 2 potions of cancellation
 M - a potion of resistance
 N - 3 potions of attraction
 R - 3 potions of heal wounds
 S - a potion of berserk rage
Miscellaneous
 j - a phantom mirror
 P - a phial of floods
 W - a condenser vane


   Skills:
 + Level 12.1 Fighting
 + Level 14.3 Dodging
 - Level 7.1 Stealth
 - Level 5.4 Shields
 - Level 19.5 Unarmed Combat
 - Level 15.0 Spellcasting
 - Level 11.1 Invocations
 - Level 9.9 Evocations


You couldn't memorise any spells.
You knew the following spells:

 Your Spells              Type           Power      Damage    Failure   Level
a - Freeze                Ice            100%       1d11      0%          1
b - Frozen Ramparts       Ice            100%       1d16      1%          3
c - Ozocubu's Armour      Ice            96%        N/A       1%          3
d - Hailstorm             Conj/Ice       96%        3d19      1%          4
e - Foxfire               Conj/Fire      100%       2x1d9     0%          1
f - Passwall              Tmut/Erth      63%        N/A       0%          2
g - Call Imp              Summ           76%        N/A       0%          2
h - Cause Fear            Hex            38%        N/A       1%          4
i - Fireball              Conj/Fire      38%        3d16      1%          5
j - Summon Mana Viper     Hex/Summ       76%        N/A       1%          5
k - Iron Shot             Conj/Erth      38%        9d8       1%          6
l - Storm Form            Tmut/Air       38%        N/A       5%          7
m - Summon Cactus Giant   Summ           38%        N/A       1%          6
Your spell library was empty.

Dungeon Overview and Level Annotations

Branches:
Dungeon (11/15)            Temple (1/1) D:7            Lair (5/5) D:10
 Shoals (4/4) Lair:3        Snake (4/4) Lair:2        Slime (1/5) Lair:4
    Orc (2/2) D:10            Elf (3/3) Orc:2         IceCv (visited)

Altars:
Ashenzari
Cheibriados
Dithmenos
Elyvilon
Fedhas
Gozag
Hepliaklqana
Makhleb
Nemelex Xobeh
Okawaru
Qazlal
Ru
Trog
Uskayaw
Wu Jian
Xom
Yredelemnul
Zin
The Shining One

Shops:
D:2 =   D:7 *   D:10 *[!   Orc:2 ((:[   Elf:2 [   Shoals:1 [   Shoals:3 :
Shoals:4 ?   Snake:1 [*(*

Portals:
Abyss: Lair:1

Annotations:
Lair:1 2 transporters, mortz's ghost, journeyman KoEE
Lair:4 2 runed translucent doors, Lutiheq's ghost, journeyman DrTm


Innate Abilities, Weirdness & Mutations

You are a lightning-filled tempest!
Your electrical attacks strike out in all directions at once.
You are incredibly evasive.
Your insubstantial body is immune to petrification, constriction, and being set on fire You are flying.
Your armour is entirely melded.
You are incapable of wielding weapons or throwing items.
You are immune to sickness and miasma.
You are immune to poison.
((Your flesh is very heat resistant. (rF++)))
((You are vulnerable to cold. (rC-)))
You float through the air rather than walking.
You learn spells naturally, not from books.
Your magical power is your life essence.
You have superior vitality. (+4 MHP)
((You have a pair of small horns on your head.))
You are somewhat resistant to further mutation.
((You are covered in fur. (AC +1)))


Message History

Confirm with . or Enter, or press ? or * to list all spells.
You batter the deep elf annihilator!!
You kill the deep elf annihilator!
Makhleb accepts your kill.
You feel better.
Unknown command.
You hit the fire dragon but do no damage.
Lightning courses through the fire dragon!!
The fire dragon is moderately wounded.
Your cactus giant hits the fire dragon with a +0 giant spiked club!
The deep elf zephyrmancer casts a spell.
The deep elf zephyrmancer blinks!
The fire dragon breathes flames at you. The blast of flame hits you!!!
The fire burns you terribly!
* * * LOW HITPOINT WARNING * * *
You hit the fire dragon but do no damage.
Lightning courses through the fire dragon!!
You punch the fire dragon.
The fire dragon is heavily wounded.
Unknown command.
Blink to where?
Press: ? - help, Dir - move target A manticore comes into view.
As you read the scroll of blinking, it crumbles to dust.
The manticore flicks its tail.
The volley of spikes hits you.
The barbed spikes become lodged in your body.
* * * LOW HITPOINT WARNING * * *
Casting: Summon Cactus Giant (mildly dangerous; 1% risk of failure)
Confirm with . or Enter, or press ? or * to list all spells.
Aiming: Iron Shot (mildly dangerous; 1% risk of failure)
Press: ? - help, Shift-Dir - straight line, f - manticore
Aim: a manticore (85% to hit)
The iron shot hits the manticore!!
The manticore is severely wounded.
* * * LOW HITPOINT WARNING * * *
The manticore flicks its tail.
The volley of spikes hits you!
The barbed spikes become lodged in your body.
You die...

# ..... ### e.. ..# ... .##
#.# .## #.# .## #)#
..##################.###
...#....#..##.#........#..#
.######.#..##H..v.)..)....#.
...#..................e...#.
.#.#.#................#...[#
.#.#........###.......#####.
.....#.##..(# ####D####
.#.###.##.#.# #)# ##.#
#.##.#.# ##)## ##.# #......#
#.§C# ##.# ####.#### #.###.#


You could see a fire dragon (catching breath, ally target), a manticore, a deep
elf zephyrmancer and a friendly cactus giant (summoned).

Vanquished Creatures
  A deep elf blademaster (Elf:2)
  Roxanne (Snake:4)
  5 nagarajas (Snake:4)
  3 deep elf sorcerers
  Louise (Shoals:2)
  2 deep elf demonologists (Elf:3)
  3 deep elf annihilators (Elf:3)
  8 merfolk impalers
  An ettin (Orc:2)
  A deep elf high priest (Elf:3)
  Josephine (Snake:1)
  2 merfolk javelineers (Shoals:2)
  2 salamander tyrants
  A merfolk avatar (Shoals:1)
  5 hydras
  A catoblepas (Lair:4)
  Fannar (Lair:3)
  The ghost of Jingleheimer the Grappler, a novice TrFi of Wu Jian (D:8)
  19 anacondas
  2 alligator snapping turtles
  2 two-headed ogres
  3 merfolk aquamancers
  A centaur warrior (D:9)
  21 dancing weapons
  7 death yaks
  13 naga warriors
  A tengu warrior (D:9)
  11 naga sharpshooters
  5 shock serpents
  12 deep elf knights
  3 salamander mystics
  15 sea snakes
  7 naga ritualists
  A bog body (IceCv)
  A necromancer (IceCv)
  A wizard (Elf:1)
  12 deep elf archers
  25 harpies
  9 orc knights (Orc:2)
  17 deep elf zephyrmancers
  5 mana vipers
  35 deep elf pyromancers
  An ugly thing (D:9)
  2 orc sorcerers
  4 fauns
  9 salamanders
  5 cyclopes
  Maurice (D:8)
  17 manticores
  4 merfolk sirens
  5 elephants (Lair:1)
  10 guardian serpents
  5 water nymphs
  18 naga magi
  A torpor snail (Lair:4)
  27 black mambas
  9 cane toads
  2 ice statues (IceCv)
  An unseen horror (D:9)
  A kobold demonologist (Elf:1)
  A freezing wraith (IceCv)
  4 komodo dragons
  3 rime drakes
  5 anaconda simulacra (IceCv)
  5 ice devils (IceCv)
  4 red devils (Elf:2)
  36 merfolk
  4 polar bears (Lair:5)
  3 trolls
  5 hornets
  2 wind drakes
  4 snapping turtles
  7 saltlings (Orc:2)
  A raiju (shapeshifter) (Elf:2)
  14 dream sheep
  22 blink frogs
  2 air elementals (Elf:1)
  12 spriggans (Lair:5)
  Sigmund (D:3)
  A shadow (D:10)
  6 water elementals
  5 wraiths (Snake:1)
  6 wyverns
  37 yaks
  A dire elephant simulacrum (IceCv)
  6 basilisks
  A fire elemental (Elf:1)
  3 vampire mosquitoes (D:10)
  3 harpy simulacra (IceCv)
  A death yak simulacrum (Lair:5)
  63 nagas
  2 acid dragons
  13 water moccasins
  5 black bears
  14 orc warriors
  2 ice beasts
  A hornet zombie (D:6)
  6 ogres
  5 boggarts
  19 wolves
  12 centaurs
  2 phantoms
  A kobold brigand (D:9)
  A necrophage (D:4)
  A gnoll sergeant (D:8)
  9 bullfrogs
  3 water moccasin zombies (D:6)
  A two-headed ogre simulacrum (IceCv)
  3 earth elementals
  4 scorpions
  3 wights (D:9)
  An elephant simulacrum (Lair:5)
  5 killer bees (D:7)
  7 howler monkeys
  4 vampire bats (Lair:2)
  2 centaur zombies (D:6)
  4 jellies
  2 bullfrog skeletons (D:6)
  8 orc priests
  2 gnoll boudas
  Crazy Yiuf (D:5)
  Terence (D:2)
  4 iguanas
  17 orc wizards
  3 wolf simulacra
  16 gnolls
  2 naga simulacra (IceCv)
  6 adders
  A shadow imp (D:5)
  A white imp (D:6)
  An ufetubus (D:4)
  3 worms
  A dart slug (D:1)
  44 orcs
  5 bats
  6 endoplasms
  3 giant cockroaches
  9 goblins
  6 hobgoblins
  4 quokkas
  6 ball pythons
  3 frilled lizards
  8 kobolds
  5 rats
956 creatures vanquished.

Vanquished Creatures (collateral kills)
  A sphinx (Elf:3)
  Ilsuiw (Shoals:2)
  A deep elf annihilator (Elf:3)
  A hydra (Elf:3)
  2 dancing weapons (Elf:2)
  An orc high priest (Orc:2)
  A deep elf knight (Elf:3)
  2 deep elf archers
  3 deep elf zephyrmancers
  An orc sorcerer (Orc:2)
  An orc knight (Orc:2)
  2 salamanders (Snake:2)
  A black mamba (Snake:1)
  A guardian serpent (Snake:2)
  A komodo dragon (Lair:5)
  2 blink frogs (Lair:5)
  A water elemental (Elf:3)
  A fire elemental (Elf:2)
  A naga (Snake:2)
  A harpy simulacrum (IceCv)
  A hell hound (Elf:3)
27 creatures vanquished.

Vanquished Creatures (others)
  A guardian serpent (Snake:4)
  127 foxfires
  24 fungi
  A pillar of salt (Orc:2)
  82 plants
  A withered plant (D:6)
236 creatures vanquished.

Grand Total: 1219 creatures vanquished

Notes
Turn   | Place    | Note
-------+----------+-------------------------------------------
     0 | D:1      | leafyfresh the Djinni Ice Elementalist began the quest for
                  | the Orb.
     0 | D:1      | leafyfresh set off with the following spells memorised:
                  | Freeze, Frozen Ramparts, Ozocubu's Armour, Hailstorm.
     0 | D:1      | Reached XP level 1. HP: 15/15 MP: 0/0
   171 | D:1      | Found a faded altar of an unknown god.
   666 | D:1      | Reached XP level 2. HP: 17/21 MP: 0/0
  1886 | D:2      | Reached XP level 3. HP: 21/25 MP: 0/0
  1886 | D:2      | Learned a level 1 spell: Foxfire
  2355 | D:2      | Noticed Terence
  2362 | D:2      | Killed Terence
  2363 | D:2      | Reached XP level 4. HP: 4/31 MP: 0/0
  3027 | D:2      | Found Listeff's Jewellery Emporium.
  3626 | D:3      | You are sucked into a shaft and drop 3 floors!
  3637 | D:5      | Entered Level 5 of the Dungeon
  3659 | D:3      | Found a glowing golden altar of the Shining One.
  4069 | D:3      | Found the +4 robe of Augmentation {Str+4 Int+4 Dex+4}
  4555 | D:3      | Noticed Sigmund
  4566 | D:3      | Killed Sigmund
  4567 | D:3      | Reached skill level 5 in Dodging
  4567 | D:3      | Reached XP level 5. HP: 22/35 MP: 0/0
  4567 | D:3      | Learned a level 2 spell: Passwall
  4567 | D:3      | Reached XP level 6. HP: 26/40 MP: 0/0
  5157 | D:4      | Reached XP level 7. HP: 28/45 MP: 0/0
  5157 | D:4      | Learned a level 2 spell: Call Imp
  5384 | D:4      | Reached skill level 5 in Spellcasting
  5559 | D:4      | Identified the +5 plate armour of Birdsong {rPois}
  6771 | D:5      | Reached XP level 8. HP: 49/50 MP: 0/0
  7801 | D:5      | Found a runed translucent door.
  7801 | D:5      | Noticed Crazy Yiuf
  7820 | D:5      | Identified the +11 hand axe of Zuick {vamp, rElec}
  8130 | D:5      | Killed Crazy Yiuf
  8412 | D:6      | Noticed a yak
  8421 | D:6      | Noticed a yak
  8421 | D:6      | Killed a yak
  8788 | D:6      | Reached XP level 9. HP: 45/55 MP: 0/0
  8788 | D:6      | Learned a level 4 spell: Cause Fear
  9113 | D:6      | Found a white marble altar of Elyvilon.
 10281 | D:7      | Reached skill level 10 in Dodging
 10513 | D:7      | Found a staircase to the Ecumenical Temple.
 10524 | Temple   | Entered the Ecumenical Temple
 10597 | Temple   | Became a worshipper of Makhleb the Destroyer
 10955 | D:7      | Reached XP level 10. HP: 39/60 MP: 0/0
 10956 | D:7      | Found a basalt altar of Yredelemnul.
 11401 | D:7      | Found Ocad's General Store.
 11407 | D:7      | Bought a scroll of identify for 26 gold pieces
 11436 | D:8      | Reached * piety under Makhleb
 11437 | D:8      | Reached skill level 1 in Fighting
 11510 | D:8      | Reached skill level 1 in Invocations
 11623 | D:8      | Found a broken altar of Ashenzari.
 11820 | D:8      | Found a sparkling altar of Nemelex Xobeh.
 11878 | D:8      | Noticed Maurice
 12952 | D:8      | Killed Maurice
 13022 | D:8      | Noticed Jingleheimer's ghost (novice TrFi)
 13022 | D:8      | Identified the +8 dire flail of Azasuo {drain, rCorr}
 13026 | D:8      | Found a transporter.
 13104 | D:9      | Killed an unseen horror
 13495 | D:9      | Identified the +3 leather armour of the Pure Brambles
                  | {MP+9}
 13573 | D:9      | Found an iron altar of Okawaru.
 14168 | D:9      | Reached XP level 11. HP: 66/73 MP: 0/0
 14168 | D:9      | Learned a level 5 spell: Fireball
 14514 | D:9      | Noticed a cyclops
 14522 | D:9      | Found a bloodstained altar of Trog.
 14681 | D:9      | Found a glowing silver altar of Zin.
 14691 | D:9      | Reached ** piety under Makhleb
 14853 | D:9      | Noticed a centaur warrior
 14853 | D:9      | Noticed a brown ugly thing
 14853 | D:9      | Noticed a tengu warrior
 14863 | D:9      | Killed a tengu warrior
 14863 | D:9      | Killed a brown ugly thing
 14864 | D:9      | Reached skill level 5 in Fighting
 14864 | D:9      | Reached skill level 5 in Stealth
 14864 | D:9      | Reached skill level 5 in Invocations
 14901 | D:9      | Killed a cyclops
 14953 | D:9      | Killed a centaur warrior
 15189 | D:10     | Entered Level 10 of the Dungeon
 15374 | D:10     | Found Fulepi's Distillery.
 15470 | D:10     | Noticed a two-headed ogre
 15488 | D:10     | Killed a two-headed ogre
 15593 | D:10     | Reached XP level 12. HP: 80/83 MP: 0/0
 15606 | D:10     | Found Jeing's Assorted Antiques.
 15752 | D:10     | Found a staircase to the Lair.
 15956 | D:10     | Identified the ring of Codgh {rN+ Dex+3 Stlth+}
 15962 | Lair:1   | Entered Level 1 of the Lair of Beasts
 16964 | Lair:1   | Reached *** piety under Makhleb
 17002 | Lair:1   | Found a snail-covered altar of Cheibriados.
 17429 | Lair:1   | Found a transporter.
 17431 | Lair:1   | Found a one-way gate to the infinite horrors of the Abyss.
 17431 | Lair:1   | Noticed mortz's ghost (journeyman KoEE)
 17793 | Lair:1   | Noticed a hell hog
 17877 | Lair:2   | Reached skill level 10 in Spellcasting
 17962 | Lair:2   | Found a staircase to the Snake Pit.
 18565 | Lair:2   | Reached skill level 1 in Shields
 18742 | Lair:3   | Found a staircase to the Shoals.
 18759 | Lair:3   | Reached XP level 13. HP: 85/90 MP: 0/0
 18759 | Lair:3   | Learned a level 5 spell: Summon Mana Viper
 18894 | Lair:3   | Noticed Fannar
 18904 | Lair:3   | Killed Fannar
 19627 | Lair:4   | Noticed a catoblepas
 19737 | Lair:4   | Found a large runed translucent door.
 19737 | Lair:4   | Found a large runed translucent door.
 19741 | Lair:4   | Noticed Lutiheq's ghost (journeyman DrTm)
 19946 | Lair:4   | Found a staircase to the Slime Pits.
 19979 | Lair:4   | Killed a catoblepas
 19980 | Lair:4   | Reached skill level 5 in Shields
 20185 | Lair:4   | Noticed a four-headed hydra
 20189 | Lair:4   | Killed a four-headed hydra
 20202 | Lair:4   | Reached **** piety under Makhleb
 20209 | Lair:4   | Noticed a seven-headed hydra
 20212 | Lair:4   | Killed a seven-headed hydra
 20226 | Lair:4   | Noticed a six-headed hydra
 20234 | Lair:4   | Killed a six-headed hydra
 20933 | Lair:5   | Entered Level 5 of the Lair of Beasts
 20935 | Lair:5   | Noticed a four-headed hydra
 20941 | Lair:5   | Killed a four-headed hydra
 20966 | Lair:5   | Found a frozen archway.
 20985 | IceCv    | Entered an ice cave
 21226 | IceCv    | Reached XP level 14. HP: 95/99 MP: 0/0
 22492 | Lair:5   | Reached ***** piety under Makhleb
 23562 | Slime:1  | Entered Level 1 of the Pits of Slime
 23562 | Slime:1  | Noticed an acid blob
 23705 | Shoals:1 | Entered Level 1 of the Shoals
 23731 | Shoals:1 | Reached XP level 15. HP: 94/107 MP: 0/0
 23731 | Shoals:1 | Learned a level 6 spell: Iron Shot
 24515 | Shoals:1 | Found Soah's Antique Armour Shoppe.
 25035 | Shoals:2 | Noticed Ilsuiw
 25038 | Shoals:2 | Reached ****** piety under Makhleb
 25047 | Shoals:2 | Killed Ilsuiw
 25279 | Shoals:2 | Noticed Louise
 25361 | Shoals:2 | Killed Louise
 25939 | Shoals:3 | Reached XP level 16. HP: 109/113 MP: 0/0
 25992 | Shoals:3 | Reached skill level 15 in Spellcasting
 26016 | Shoals:3 | Found Royxuy's Book Boutique.
 26265 | Shoals:3 | Reached skill level 1 in Evocations
 26272 | Shoals:3 | Reached skill level 10 in Fighting
 26272 | Shoals:3 | Reached skill level 10 in Invocations
 26613 | Shoals:4 | Entered Level 4 of the Shoals
 26971 | Shoals:4 | Found Rauclaq's Magic Scroll Shop.
 27245 | Shoals:4 | Got a barnacled rune of Zot
 27948 | Snake:1  | Entered Level 1 of the Snake Pit
 27989 | Snake:1  | Reached skill level 5 in Evocations
 28291 | Snake:1  | Reached XP level 17. HP: 121/121 MP: 0/0
 28291 | Snake:1  | Learned a level 7 spell: Storm Form
 28311 | Snake:1  | Noticed Josephine
 28312 | Snake:1  | Killed Josephine
 28424 | Snake:1  | Found Exofuyrch's Assorted Antiques.
 28427 | Snake:1  | Found Enuch's Weapon Shop.
 28427 | Snake:1  | Found Quruihast's Assorted Antiques.
 28430 | Snake:1  | Found Omuguulu's Antique Armour Boutique.
 28441 | Snake:1  | Bought an embroidered hat for 224 gold pieces
 28441 | Snake:1  | Bought a warped robe for 182 gold pieces
 28441 | Snake:1  | Identified the +0 robe "Qog Unydgh" {-Tele rC+ Slay+5} (You
                  | bought it in a shop on level 1 of the Snake Pit)
 30203 | Snake:3  | Reached skill level 1 in Unarmed Combat
 30208 | Snake:3  | Reached skill level 2 in Unarmed Combat
 30210 | Snake:3  | Reached skill level 3 in Unarmed Combat
 30363 | Snake:3  | Reached skill level 4 in Unarmed Combat
 30555 | Snake:3  | Reached skill level 5 in Unarmed Combat
 30824 | Snake:3  | Reached skill level 6 in Unarmed Combat
 31609 | Snake:3  | Reached skill level 7 in Unarmed Combat
 32160 | Snake:4  | Entered Level 4 of the Snake Pit
 32160 | Snake:4  | Identified Roxanne's Grimoire of Transfiguration
 32160 | Snake:4  | Noticed Roxanne
 32170 | Snake:4  | Killed Roxanne
 32277 | Snake:4  | Reached skill level 8 in Unarmed Combat
 32340 | Snake:4  | Reached XP level 18. HP: 113/128 MP: 0/0
 32810 | Snake:4  | Reached skill level 9 in Unarmed Combat
 32903 | Snake:4  | Reached skill level 10 in Unarmed Combat
 32925 | Snake:4  | Reached skill level 11 in Unarmed Combat
 33208 | Snake:4  | Reached skill level 12 in Unarmed Combat
 33262 | Snake:4  | Got a serpentine rune of Zot
 33792 | Lair:1   | Found a transporter.
 34108 | D:10     | Found a staircase to the Orcish Mines.
 34167 | D:10     | Found Porazyoxko's Antique Armour Emporium.
 34800 | D:8      | Found a transporter.
 34811 | D:8      | Killed Jingleheimer's ghost
 35060 | D:10     | Bought a potion of resistance for 150 gold pieces
 35271 | Orc:1    | Entered Level 1 of the Orcish Mines
 35501 | Orc:2    | Entered Level 2 of the Orcish Mines
 35786 | Orc:2    | Found a staircase to the Elven Halls.
 35894 | Orc:2    | Reached skill level 13 in Unarmed Combat
 36084 | Orc:2    | Paralysed by an orc sorcerer for 3 turns
 36104 | Orc:2    | Found Tiahohus's Antique Armour Boutique.
 36164 | Orc:2    | Found Umez Cog's Antique Weapon Shop.
 36166 | Orc:2    | Found Xasuneg's Book Shop.
 36172 | Orc:2    | Bought a manual of Unarmed Combat for 1040 gold pieces
 36192 | Orc:2    | Found Isyul's Weapon Emporium.
 36358 | Elf:1    | Entered Level 1 of the Elven Halls
 36370 | Elf:1    | Reached skill level 14 in Unarmed Combat
 36374 | Elf:1    | Reached XP level 19. HP: 98/132 MP: 0/0
 36374 | Elf:1    | Learned a level 6 spell: Summon Cactus Giant
 36462 | Elf:1    | Paralysed by an air elemental for 1 turns
 36529 | Elf:1    | Reached skill level 15 in Unarmed Combat
 36709 | Elf:1    | Reached skill level 16 in Unarmed Combat
 36981 | Elf:1    | Paralysed by an air elemental for 1 turns
 37107 | Elf:1    | Reached skill level 17 in Unarmed Combat
 37438 | Elf:1    | Gained mutation: You have a pair of small horns on your
                  | head. [potion of mutation]
 37438 | Elf:1    | Gained mutation: You are somewhat resistant to further
                  | mutation. [potion of mutation]
 37438 | Elf:1    | Gained mutation: You are covered in fur. (AC +1) [potion of
                  | mutation]
 37665 | Elf:2    | Found Tic Burubad's Armour Boutique.
 37672 | Elf:2    | Bought the +2 cloak of a sewer {rF- rN+ Regen+ Slay+2} for
                  | 352 gold pieces
 37953 | Elf:2    | Reached skill level 18 in Unarmed Combat
 38236 | Elf:2    | Found a runed translucent gate.
 38236 | Elf:2    | Found a runed translucent gate.
 38306 | Elf:2    | Found a runed translucent gate.
 38428 | Elf:2    | Noticed a deep elf blademaster
 38433 | Elf:2    | Killed a deep elf blademaster
 38548 | Elf:2    | Reached skill level 19 in Unarmed Combat
 39043 | Elf:3    | Entered Level 3 of the Elven Halls
 39366 | Elf:3    | Reached XP level 20. HP: 139/139 MP: 0/0
 39653 | Elf:3    | Noticed an Ice Fiend
 39674 | Elf:3    | Killed from afar by a manticore

Illustrated notes

Levels and vault maps discovered:
D:1:      minmay_arrival_semitransparent, layout_loops_ring,
          ebering_ecumenical_altar_hall
D:2:      layout_loops_cross, serial_shops, nicolae_shop_trees,
          dreamdust_mushroom_princess, uniq_terence
D:3:      layout_basic, mainiacjoe_overflow_concentric_impassable, uniq_sigmund
D:4:      layout_basic
D:5:      layout_rooms, serial_curves, eino_curves_03, eino_curves_03,
          eino_curves_02, eino_curves_02, kennysheep_generic_room_16,
          uniq_crazy_yiuf_cottage
D:6:      layout_loops_ring, elyvilon_altar_4, serial_undead, serial_undead_e,
          serial_undead_d, serial_undead_c, serial_undead_f,
          minmay_misc_feat_hallway
D:7:      layout_basic, mainiacjoe_overflow_small_starburst,
          minmay_temple_entry_gardened_gates, serial_glass, glass_columns_a,
          glass_columns_a, item_on_display_b, due_unseen_surprise,
          item_on_display_a, serial_shops, shop, enter_bailey_4
D:8:      layout_rooms, mainiacjoe_overflow_catch_the_wave,
          gammafunk_ghost_smash, uniq_maurice
D:9:      minmay_blocky_corners, layout_rooms, mainiacjoe_overflow_alcove_4,
          mainiacjoe_overflow_six_doors_small, amcnicky_altar_gilded
D:10:     layout_basic, erik_lair_dragon, minmay_orc_entry_temple_large,
          serial_shops, shop, nicolae_take_the_stairs, nicolae_square_shop
D:11:     layout_irregular_city, ebering_ghost_xom
Temple:   jpeg_temple_clearing
Lair:1:   layout_misc_corridors, gammafunk_ghost_abyssal_escape,
          lemuel_centaur_altar
Lair:2:   layout_gridlike, minmay_snake_entry_guardpost_small, roderic_batcave
Lair:3:   layout_cave_pods, minmay_shoals_entry_centaurs, lemuel_fruit_fields,
          uniq_fannar
Lair:4:   nzn_winding_woodlands_medium [nzn_winding_woodlands_5x5_three,
          nzn_winding_woodlands_5x15_pathside_ponds,
          nzn_winding_woodlands_5x5_perimeter,
          nzn_winding_woodlands_5x5_checkerboard,
          nzn_winding_woodlands_center_diamonds,
          nzn_winding_woodlands_5x5_open_star, nzn_winding_woodlands_hourglass,
          nzn_winding_woodlands_5x15_split_checker,
          nzn_winding_woodlands_5x5_default], layout_cave_pods, slime_entry_1,
          ebering_ghost_disaster_area
Lair:5:   minmay_lair_end_enchanted_forest, layout_small_grid,
          portal_ice_cave_entry_ice_simulacra
Shoals:1: layout_shoals, serial_shops, nicolae_shop_statue_plus
Shoals:2: layout_shoals, uniq_louise, uniq_ilsuiw
Shoals:3: layout_shoals, serial_shops, shop
Shoals:4: shoals_end_hangedman, layout_shoals, serial_shops,
          nicolae_shop_waterfront
Snake:1:  layout_misc_corridors, minmay_shoptagon, uniq_josephine
Snake:2:  layout_chambers
Snake:3:  layout_layer_cave, nicolae_coiled_stairwell_up
Snake:4:  grunt_snake_rune_serpentine_throne, layout_misc_corridors,
          nicolae_snake_single_loop, uniq_roxanne
Slime:1:  layout_caves, special_room [special_room_jelly]
Orc:1:    layout_caves
Orc:2:    hellmonk_orc_salted, layout_caves, basic_altar
Elf:1:    minmay_elf_arrival_circle, layout_onion_city, hangedman_elf_disciples
Elf:2:    elven_hall_of_blades_hangedman_original [mumra_blade_entry_dagger],
          layout_onion_city, serial_shops, nicolae_shop_waterfront, st_stairs_8,
          einodemon_armed_red_devil_minivault
Elf:3:    minmay_elf_hall_four_x, layout_loops_cross, special_room
          [special_room_mythical_zoo], grunt_ministairs_4, glass_columns_b,
          nicolae_shop_self_help, uniq_saint_roka

Skill      XL: |  1  2  3  4  5  6  7  8  9 10 11 12 13 14 15 16 17 18 19 20 |
---------------+-------------------------------------------------------------+-----
Dodging        | 3 5 6 8 10 11 12 13 14 | 14.3
Spellcasting   | 4 5 6 7 8 9 10 11 12 14 15 | 15.0
Fighting       | 4 6 7 8 9 11 12 | 12.1
Stealth        | 4 6 7 |  7.1
Invocations    | 4 6 7 8 9 11 | 11.1
Shields        | 1 5 |  5.4
Evocations     | 6 9 |  9.9
Unarmed Combat | 8 14 19 | 19.5

Action                   |  1- 3 |  4- 6 |  7- 9 | 10-12 | 13-15 | 16-18 | 19-21 || total
-------------------------+-------+-------+-------+-------+-------+-------+-------++-------
Melee: Unarmed           |     5 |       |       |       |       |    66 |    78 ||   149
       Club              |    38 |    36 |       |       |       |       |       ||    74
       Halberd           |       |    14 |    31 |       |       |       |       ||    45
       Quarterstaff      |       |       |    60 |    18 |       |       |       ||    78
       Staff             |       |       |       |       |     5 |    33 |     2 ||    40
       Punch             |       |       |       |       |       |     4 |     9 ||    13
 Cast: Freeze            |    22 |     6 |     8 |    39 |    62 |    34 |       ||   171
       Frozen Ramparts   |     5 |    19 |    35 |    47 |    20 |    67 |    20 ||   213
       Ozocubu's Armour  |     1 |     7 |    20 |    37 |    46 |    70 |    28 ||   209
       Hailstorm         |       |       |    47 |    54 |    69 |    91 |    46 ||   307
       Foxfire           |       |       |    25 |    29 |    30 |     2 |     1 ||    87
       Cause Fear        |       |       |     1 |     7 |     7 |    17 |     3 ||    35
       Fireball          |       |       |       |    91 |   300 |   259 |    83 ||   733
       Call Imp          |       |       |       |     1 |     2 |       |       ||     3
       Summon Mana Viper |       |       |       |       |    10 |     5 |     5 ||    20
       Iron Shot         |       |       |       |       |    13 |   168 |    57 ||   238
       Storm Form        |       |       |       |       |       |    10 |     9 ||    19
       Summon Cactus Gia |       |       |       |       |       |       |    19 ||    19
Invok: Greater Servant o |       |       |       |       |       |     5 |     1 ||     6
Evoke: Wand              |       |       |       |     5 |       |       |       ||     5
       Condenser vane    |       |       |       |       |       |     1 |       ||     1
  Use: Potion            |       |     1 |     6 |     2 |       |     1 |     3 ||    13
       Scroll            |       |       |    12 |     9 |     5 |     6 |     4 ||    36
 Stab: Sleeping          |       |     1 |     1 |       |       |     1 |     1 ||     4
       Confused          |       |       |     1 |       |       |       |       ||     1
       Distracted        |       |       |       |       |       |     1 |       ||     1
Armor: Robe              |     7 |    16 |    40 |    22 |    15 |       |       ||   100
       Skin              |       |     3 |       |       |       |    23 |    21 ||    47
       Troll leather arm |       |       |       |     7 |    25 |    60 |     5 ||    97
Dodge: Dodged            |    33 |    44 |   100 |    70 |    95 |   234 |    87 ||   663
Block: Buckler           |       |       |       |     1 |    51 |    76 |    15 ||   143
